 Dungeon Crawl Stone Soup version 0.19-a0-1051-gdb7e7f8 (webtiles) character file.

27 Jmtri7 the Charlatan (level 2, -1/14 HPs)
             Began as a Spriggan Artificer on Aug 2, 2016.
             Slain by a kobold
             ... wielding a +0 whip
              (7 damage)
             ... on level 1 of the Dungeon.
             The game lasted 00:02:34 (895 turns).

Jmtri7 the Charlatan (Spriggan Artificer)            Turns: 895, Time: 00:02:35

Health: -1/14      AC:  2    Str:  8    XL:     2   Next: 93%
Magic:  6/6        EV: 18    Int: 12    God:
Gold:   100        SH:  0    Dex: 16    Spells: 0 memorised, 1 level left

rFire  . . .     SeeInvis +     a - +0 short sword
rCold  . . .     Gourm    .     j - +0 robe
rNeg   . . .     Faith    .     (shield restricted)
rPois  .         Spirit   .     (helmet restricted)
rElec  .         Dismiss  .     (no cloak)
rCorr  .         Reflect  .     (gloves unavailable)
SustAt .         Harm     .     (boots unavailable)
MR     .....                    (no amulet)
Stlth  ++........               (no ring)
                                (no ring)

@: very quick, not resistant to hostile enchantments, unstealthy
A: unfitting armour, see invisible, herbivore 3, speed 3, slow metabolism 2
a: no special abilities


You were on level 1 of the Dungeon.
You were not hungry.

You visited 1 branch of the dungeon, and saw 1 of its levels.

You collected 100 gold pieces.

Inventory:

Hand Weapons
 a - a +0 short sword (weapon)
Armour
 j - a +0 robe (worn)
Wands
 c - a wand of flame (15/48)
 d - a wand of enslavement (15/24)
 e - a wand of random effects (15/48)
Scrolls
 i - a scroll of random uselessness {unknown}
 m - a scroll of fear {unknown}
 n - a scroll of identify {unknown}
Potions
 b - a potion of brilliance {unknown}
 g - a potion of curing {unknown}
 h - a potion of ambrosia {unknown}
 k - a potion of resistance {unknown}
 l - a potion of degeneration {unknown}
 o - a potion of flight {unknown}
Comestibles
 f - a bread ration


   Skills:
 - Level 0.7 Fighting
 - Level 1.1 Short Blades
 - Level 3.1 Dodging
 - Level 1.5 Stealth
 + Level 5.4 Evocations


You had one spell level left.
You didn't know any spells.

Dungeon Overview and Level Annotations

Branches:
Dungeon (1/15)

Altars:


Innate Abilities, Weirdness & Mutations

You are tiny and cannot use many weapons and most armour.
You have supernaturally acute eyesight. (SInv)
You are a herbivore.
You cover ground extremely quickly.
You need consume almost no food.


Message History

The kobold hits the bush but does no damage.
The kobold hits the plant but does no damage.
You hit the kobold.
You kill the kobold!
The kobold throws a stone.
The stone closely misses you.
The kobold throws a stone.
The stone hits you.
The kobold throws a stone.
The stone closely misses you. The kobold completely misses you.
Things that are here:
a short sword x2
The kobold throws a stone.
The stone barely misses you.
The kobold throws a stone.
The stone hits you but does no damage.
You see here 4 stones.
The kobold closely misses you. x2
Things that are here:
a short sword x2
You closely miss the kobold. The kobold closely misses you.
The kobold barely misses you. The kobold hits you with a whip!
Ouch! That really hurt!
You die...

### ..# #.#
♣♣#♣♣ #.#
PP.≈.P #.#
P..÷÷.#P#
..#
÷.....KP###
###
..(§..K@((#
..#
.(....KP#(##
..#
#....÷P##..#
#.# PP...P#
##.# #####
♣♣♣#♣P #.#
....# #####
#.# ###.#
#.# #.# #.#
#%# #.# #.#
#.# #.#


You could see 3 kobolds.

Vanquished Creatures
  An ooze (D:1)
  2 giant cockroaches (D:1)
  2 goblins (D:1)
  2 hobgoblins (D:1)
  2 jackals (D:1)
  A ball python (D:1)
  3 bats (D:1)
  3 giant newts (D:1)
  4 kobolds (D:1)
  3 rats (D:1)
23 creatures vanquished.

Notes
Turn   | Place    | Note
-------+----------+-------------------------------------------
     0 | D:1      | Jmtri7 the Spriggan Artificer began the quest for the Orb.
     0 | D:1      | Reached XP level 1. HP: 9/9 MP: 4/4
   227 | D:1      | Reached XP level 2. HP: 11/14 MP: 6/6
   312 | D:1      | Reached skill level 5 in Evocations
   895 | D:1      | Slain by a kobold

Vault maps used:
D:1:      roderic_chinese_lattice_arrival, st_stairs_10, lexackson_kobold_supper

Skill      XL: |  1  2 |
---------------+-------+-----
Evocations     | 5 |  5.4
Fighting       | |  0.7
Short Blades   | |  1.1
Dodging        | |  3.1
Stealth        | |  1.5

Action                   || total
-------------------------++-------
Melee: Short sword       ||    81
 Stab: Sleeping          ||     5
Armor: Robe              ||     6
Dodge: Dodged            ||    72
